 Dungeon Crawl Stone Soup version 0.32-a0-928-g1cae6b7ea0 (webtiles) character file.

Game seed: 3459491036400872586

989 RotoRooter the Firebug (level 7, -2/50 HPs)
             Began as a Grey Draconian Fire Elementalist on Apr 12, 2024.
             Slain by Duvessa
             ... wielding a +1 short sword of speed
              (9 damage)
             ... on level 4 of the Dungeon on Apr 13, 2024.
             The game lasted 00:26:21 (6253 turns).

RotoRooter the Firebug (DrFE)                       Turns: 6253, Time: 00:26:24

Health: -2/50      AC: 20    Str: 10    XL:     7   Next: 98%
Magic:  3/13       EV: 11    Int: 17    God:
Gold:   193        SH:  0    Dex: 12    Spells: 8/15 levels left

rFire   . . .        o - +3 quarterstaff (chaos)
rCold   . . .        (shield currently unavailable)
rNeg    . . .        (body armour unavailable)
rPois   .            (helmet restricted)
rElec   .            p - +2 cloak {Will+}
rCorr   .            t - +1 pair of gloves
SInv    .            (no boots)
Will    +....        (no amulet)
Stlth   ++           w - +4 ring of protection
HPRegen 0.28/turn    (no ring)
MPRegen 0.13/turn

%: no passive effects
@: no status effects
A: mud breath, mud-swimmer, AC +11, amphibious, unfitting armour, cold-blooded
a: Mud Breath


You were on level 4 of the Dungeon.
You visited 1 branch of the dungeon, and saw 5 of its levels.

You collected 193 gold pieces.

Inventory:

Hand Weapons
 o - a +3 quarterstaff of chaos (weapon)
Armour
 p - a +2 cloak of willpower (worn)
 t - a +1 pair of gloves (worn)
Magical Staves
 k - a staff of alchemy
Jewellery
 w - a +4 ring of protection (left hand)
 y - a +6 ring of intelligence
Talismans
 j - a blade talisman
Wands
 g - a wand of flame (10)
 n - a wand of quicksilver (7)
 x - a wand of polymorph (4)
Scrolls
 a - a scroll of enchant armour {unknown}
 b - a scroll of torment {unknown}
 d - a scroll of immolation {unknown}
 f - a scroll of identify
 h - 2 scrolls of fear {unknown}
 i - 2 scrolls of teleportation {unknown}
 m - 2 scrolls of poison {unknown}
 u - 2 scrolls of noise {unknown}
Potions
 c - 2 potions of cancellation
 e - a potion of curing
 l - a potion of haste {unknown}
 q - a potion of mutation {unknown}
 r - a potion of attraction {unknown}
 s - a potion of degeneration {unknown}
 v - 2 potions of lignification {unknown}


   Skills:
 - Level 2.1 Dodging
 - Level 2.0 Stealth
 + Level 4.5 Spellcasting
 + Level 4.4 Conjurations
 - Level 7.0 Fire Magic
 - Level 0.2 Alchemy
 + Level 0.0 Shapeshifting


You had 8 spell levels left.
You knew the following spells:

 Your Spells              Type           Power      Damage    Failure   Level
a - Foxfire               Conj/Fire      92%        2x1d8     1%          1
b - Scorch                Fire           54%        2d7       1%          2
c - Flame Wave            Conj/Fire      23%        2d8       14%         4

Your spell library contained the following spells:

 Spells                   Type           Power      Damage    Failure   Level
 Inner Flame              Hex/Fire       15%        N/A       11%         3
 Volatile Blastmotes      Fire/Tloc      30%        2d12      11%         3


Dungeon Overview and Level Annotations

Branches:
Dungeon (5/15)
 Temple: D:4-7

Altars:
Qazlal
Trog

Shops:
D:4 [

Annotations:
D:4 Duvessa; Eustachio
D:5 3 runed translucent doors, AutarchDCSS's ghost, novice BaAr


Innate Abilities, Weirdness & Mutations

You can breathe torrents of mud.
You are unimpeded by mud.
Your dull iron-grey scales are very hard. (AC +11)
You are amphibious.
You cannot fit into any form of body armour.
You are cold-blooded and may be slowed by cold attacks.


Message History

Duvessa hits you with a +1 short sword of speed!
Unknown command.
Casting: Foxfire (safe; 1% risk of failure)
Confirm with . or Enter, or press ? or * to list all spells.
You conjure some foxfire!
The foxfire hits Duvessa.
Duvessa is burned terribly!
Duvessa is lightly wounded.
The foxfire hits Duvessa.
Duvessa is lightly wounded.
Duvessa hits you with a +1 short sword of speed!
Duvessa hits you with a +1 short sword of speed.
Duvessa hits you but does no damage.
Casting: Foxfire (safe; 1% risk of failure)
Confirm with . or Enter, or press ? or * to list all spells.
Okay, then.
Casting: Foxfire (safe; 1% risk of failure)
Confirm with . or Enter, or press ? or * to list all spells.
Flames lash Duvessa.
Duvessa is burned terribly!
Duvessa is moderately wounded.
The foxfire hits Duvessa.
Duvessa is burned terribly!
Duvessa is heavily wounded.
The foxfire hits Duvessa.
Duvessa is heavily wounded.
Duvessa hits you with a +1 short sword of speed!
* * * LOW HITPOINT WARNING * * *
Duvessa closely misses you.
Okay, then.
Okay, then.
Casting: Scorch (safe; 1% risk of failure)
Confirm with . or Enter, or press ? or * to list all spells.
Flames lash Duvessa.
Duvessa is burned terribly!
Duvessa is heavily wounded.
Duvessa hits you but does no damage. Duvessa barely misses you.
Casting: Scorch (safe; 1% risk of failure)
Confirm with . or Enter, or press ? or * to list all spells.
Flames lash Duvessa.
Duvessa is burned terribly!
Duvessa is severely wounded.
Duvessa hits you with a +1 short sword of speed.
* * * LOW HITPOINT WARNING * * *
Duvessa hits you with a +1 short sword of speed!
You die...

#.# #.# ##.# ..# #..# ##
..## #..####... #..######
#.....#...#
##......#######.......#..
#...........#......#...#
#.#'#............#...#.
#.#.#..........@...#...
##.#.###......>.e.#...#.
#..#>##.............#...
#..#.#..........<.#...#.
#..#.#..............#...#
#..#∩#............#...#..
#..#.#..............#...#
#..#.##...........#...#.
...#+##..#.#........#...


You could see Duvessa (berserk, combustible).

Vanquished Creatures
  3 ogres (D:5)
  3 scorpions (D:5)
  Dowan (D:4)
  A bombardier beetle (D:4)
  Crazy Yiuf (D:2)
  2 hounds (D:5)
  An orc priest (D:5)
  Jessica (D:3)
  A sleepcap (D:5)
  4 iguanas (D:5)
  An orc wizard (D:5)
  5 adders
  A gnoll (D:1)
  A shadow imp (D:5)
  An ufetubus (D:4)
  6 ribbon worms
  5 dart slugs
  2 orcs
  4 ball pythons
  8 endoplasms
  3 giant cockroaches
  6 goblins
  3 hobgoblins
  7 jackals (D:3)
  7 quokkas
  8 bats
  A frilled lizard (D:1)
  6 kobolds
  4 rats (D:3)
97 creatures vanquished.

Vanquished Creatures (others)
  267 foxfires
267 creatures vanquished.

Grand Total: 364 creatures vanquished

Notes
Turn   | Place    | Note
-------+----------+-------------------------------------------
     0 | D:1      | RotoRooter the Draconian Fire Elementalist began the quest
                  | for the Orb.
     0 | D:1      | Reached XP level 1. HP: 14/14 MP: 3/3
   285 | D:1      | Reached XP level 2. HP: 7/20 MP: 0/5
   599 | D:1      | Reached XP level 3. HP: 26/26 MP: 1/6
  1454 | D:2      | Learned a level 2 spell: Scorch
  1785 | D:2      | Reached XP level 4. HP: 33/33 MP: 4/7
  2321 | D:2      | Learned a level 4 spell: Flame Wave
  2332 | D:2      | Found a runed translucent door.
  2333 | D:2      | Noticed Crazy Yiuf
  2338 | D:2      | Killed Crazy Yiuf
  2339 | D:2      | Reached skill level 4 in Fire Magic
  2786 | D:3      | Reached XP level 5. HP: 38/38 MP: 6/9
  3096 | D:3      | Noticed a moth of wrath
  3099 | D:3      | Found a bloodstained altar of Trog.
  3436 | D:4      | Noticed Eustachio
  3537 | D:3      | Noticed Jessica
  3540 | D:3      | Killed Jessica
  4362 | D:4      | Noticed Dowan
  4364 | D:4      | Noticed Duvessa
  4395 | D:4      | Killed Dowan
  4441 | D:4      | Reached skill level 5 in Fire Magic
  4441 | D:4      | Reached XP level 6. HP: 45/45 MP: 0/10
  4572 | D:5      | Entered Level 5 of the Dungeon
  4731 | D:5      | Found a runed translucent gate.
  4732 | D:5      | Found a runed translucent gate.
  4815 | D:5      | Found a runed translucent gate.
  5214 | D:5      | Reached skill level 6 in Fire Magic
  5214 | D:5      | Your scales start taking on a dull iron-grey colour.
  5214 | D:5      | Reached XP level 7. HP: 19/50 MP: 4/12
  5548 | D:5      | Noticed AutarchDCSS's ghost (novice BaAr)
  5921 | D:5      | Found a stormy altar of Qazlal.
  5953 | D:5      | Reached skill level 7 in Fire Magic
  6200 | D:4      | Found Elealor's Armour Shoppe.
  6253 | D:4      | Slain by Duvessa

Illustrated notes

Levels and vault maps discovered:
D:1:      kilobyte_arrival_exit_the_forest, layout_rooms
D:2:      layout_loops_corners, uniq_crazy_yiuf_cottage
D:3:      layout_loops_corners, tgw_trog, uniq_jessica
D:4:      minmay_skewed_foursquare, layout_layer_cave, fedhas_ov_isle_minmay,
          serial_shops, nicolae_shop_hallway_stairs,
          chequers_serial_rivers_micro_e, corexii_hall_statues_l, fountainhead,
          hex_large, hangedman_feature_mirror, st_stairs_4, uniq_duvessa,
          uniq_eustachio
D:5:      layout_basic, grunt_qazlal_sundering, gammafunk_ghost_icy,
          minmay_misc_feat_secret_circle

Skill      XL: |  1  2  3  4  5  6  7 |
---------------+----------------------+-----
Dodging        | 2 |  2.1
Stealth        | 2 |  2.0
Conjurations   | 2 3 4 |  4.4
Fire Magic     | 4 5 6 7 |  7.0
Spellcasting   | 3 4 |  4.5
Alchemy        | |  0.2

Action                     |  1- 3 |  4- 6 |  7- 9 || total
---------------------------+-------+-------+-------++-------
  Melee: Staff             |       |    19 |       ||    19
         Quarterstaff      |       |    24 |     3 ||    27
         Tailslap          |       |     3 |     1 ||     4
   Cast: Foxfire           |    54 |    78 |    38 ||   170
         Scorch            |     3 |    38 |    16 ||    57
Ability: Mud Breath        |       |       |     2 ||     2
  Evoke: Wand              |       |     2 |       ||     2
    Use: Potion            |       |     3 |       ||     3
         Scroll            |       |     2 |       ||     2
 Armour: Skin              |    10 |    76 |    14 ||   100
  Dodge: Dodged            |    14 |    48 |    11 ||    73

Table legend: (Time is in decaauts)
 A = Elapsed time spent in this place.
 B = Non-inter-level travel time spent in this place.
 C = Inter-level travel time spent in this place.
 D = Time resting spent in this place.
 E = Time spent auto-exploring this place.
 F = Levels seen in this place.
 G = Mean time per level.
                   A        B        C        D        E       F      G
               +--------+--------+--------+--------+--------+-----+--------+
         Total |   6258 |   6029 |    229 |   1260 |   3153 |   5 | 1251.6 |
       Dungeon |   6258 |   6029 |    229 |   1260 |   3153 |   5 | 1251.6 |
               +--------+--------+--------+--------+--------+-----+--------+

Top non-repeatable levels by time:
     D:3: 1754 daAuts
     D:5: 1628 daAuts
     D:2: 1326 daAuts
     D:1: 1085 daAuts
     D:4: 464 daAuts
